 Dungeon Crawl Stone Soup version 0.31-a0-1005-gfbdfbacc72 (webtiles) character file.

Game seed: 1516826320217723971

2242 Queen the Scholar of Death (level 9, 0/47 (57) HPs)
             Began as a Demonspawn Necromancer on Nov 11, 2023.
             Was a Follower of Kikubaaqudgha.
             Slain by a killer bee (4 damage)
             ... on level 8 of the Dungeon.
             The game lasted 00:53:14 (9104 turns).

Queen the Scholar of Death (Demonspawn Necromancer) Turns: 9104, Time: 00:53:15

HP:   0/47 (57)     AC:  3    Str:  9    XL:     9   Next: 14%
MP:   9/17          EV: 14    Int: 21    God:    Kikubaaqudgha [*.....]
Gold: 372           SH:  0    Dex: 13    Spells: 6/19 levels left

rFire   . . .        b - +2 dagger (pain)
rCold   + . .        (no shield)
rNeg    . . .        q - +0 robe
rPois   .            (helmet restricted)
rElec   .            (no cloak)
rCorr   +            w - +0 pair of gloves
SInv    .            (no boots)
Will    .....        (no amulet)
Stlth   ++           l - ring of protection from cold
HPRegen 0.27/turn    y - ring of resist corrosion
MPRegen 0.15/turn

%: no passive effects
@: lethally poisoned (0 -> -7), marked, heavily drained
A: claws 2, hooves 2, horns 1
a: Renounce Religion, Unearth Wretches


You were on level 8 of the Dungeon.
You worshipped Kikubaaqudgha.
Kikubaaqudgha was aware of your devotion.
You visited 2 branches of the dungeon, and saw 9 of its levels.

You collected 372 gold pieces.

Inventory:

Hand Weapons
 a - a +2 whip of pain
 b - a +2 dagger of pain (weapon)
Armour
 q - a +0 robe (worn)
 w - a +0 pair of gloves (worn)
Jewellery
 l - a ring of protection from cold (left hand)
 y - a ring of resist corrosion (right hand)
 E - an amulet of regeneration
Wands
 s - a wand of iceblast (4)
 v - a wand of polymorph (8)
 D - a wand of charming (4)
 G - a wand of flame (19)
Scrolls
 f - a scroll of butterflies {unknown}
 g - a scroll of poison
 i - a scroll of immolation
 j - 2 scrolls of teleportation
 k - a scroll of fog {unknown}
 m - 3 scrolls of amnesia
 o - a scroll of brand weapon {unknown}
 t - a scroll of vulnerability {unknown}
 u - a scroll of revelation {unknown}
 x - a scroll of identify {unknown}
 H - a scroll of torment {unknown}
 I - a scroll of fear {unknown}
 J - a scroll of acquirement {unknown}
Potions
 c - 4 potions of curing {unknown}
 d - 2 potions of ambrosia {unknown}
 e - 3 potions of heal wounds {unknown}
 h - 2 potions of cancellation {unknown}
 n - 3 potions of degeneration {unknown}
 p - a potion of magic
 r - a potion of brilliance {unknown}
 z - a potion of berserk rage {unknown}
 A - 2 potions of might {unknown}
 B - a potion of attraction {unknown}
 C - a potion of invisibility {unknown}


   Skills:
 + Level 5.4 Dodging
 - Level 3.0 Stealth
 + Level 5.5 Spellcasting
 * Level 10.0 Necromancy
 - Level 3.0 Poison Magic


You had 6 spell levels left.
You knew the following spells:

 Your Spells              Type           Power      Damage    Failure   Level
a - Necrotise             Necr           100%       1d9       1%          1
b - Sting                 Tmut/Pois      48%        1d5       5%          1
c - Vampiric Draining     Necr           47%        2d9       1%          3
d - Sublimation of Blood  Necr           47%        N/A       1%          2
e - Animate Dead          Necr           47%        N/A       1%          4
f - Cigotuvi's Dreadful   Necr/Pois/Air  48%        N/A       2%          2

Your spell library contained the following spells:

 Spells                   Type           Power      Damage    Failure   Level
 Kiss of Death            Conj/Necr      100%       2d13      1%          1
 Agony                    Necr           47%        N/A       4%          5
 Poisonous Vapours        Pois/Air       24%        N/A       9%          2
 Lesser Beckoning         Tloc           10%        N/A       16%         2
 Wereblood                Tmut           5%         N/A       16%         2
 Mephitic Cloud           Conj/Pois/Air  9%         N/A       21%         3
 Gell's Gravitas          Tloc           5%         N/A       30%         3
 Teleport Other           Tloc           5%         N/A       30%         3
 Olgreb's Toxic Radiance  Pois           18%        N/A       30%         4
 Freezing Cloud           Conj/Ice/Air   2%         6-21      96%         5
 Summon Hydra             Summ           2%         N/A       100%        7


Dungeon Overview and Level Annotations

Branches:
Dungeon (8/15)             Temple (1/1) D:5
   Lair: D:8-11

Altars:
Cheibriados
Dithmenos
Fedhas
Gozag
Hepliaklqana
Kikubaaqudgha
Qazlal
Ru
Sif Muna
Trog
Uskayaw
Vehumet
Wu Jian
Xom
Yredelemnul

Annotations:
D:2 exclusion: downstairs
D:3 2 runed translucent doors, exclusion: downstairs, IsvaffelMax's ghost, amateur OpSh
D:4 2 runed translucent doors, exclusion: downstairs, Azuregosa's ghost, amateur OpDe; Grinder
D:6 2 transporters, BinkBink's ghost, novice SpEE
D:7 Pikel
D:8 Erica; Prince Ribbit


Innate Abilities, Weirdness & Mutations

You have very sharp fingernails.
You have hoof-like feet.
You have a pair of small horns on your head.


Message History

Press: ? - help, Shift-Dir - straight line, f/p - killer bee
Aim: a killer bee (severely wounded)
You draw life force from the killer bee!
You kill the killer bee!
Kikubaaqudgha accepts your kill.
You feel life coursing into your body. The killer bee barely misses you.
The killer bee stings you!
Your Necromancy skill increases to level 10!
A killer bee and a centaur come into view.
The killer bee attacks as it pursues you!
The killer bee stings you!
You are poisoned.
The killer bee poisons you!
The centaur wields a +0 orcbow.
The centaur shoots an arrow.
The arrow closely misses you. The killer bee misses you.
The killer bee moves out of view.
You see here a killer bee corpse.
You feel very sick.
The killer bee attacks as it pursues you!
The killer bee misses you. The killer bee barely misses you.
The killer bee misses you. x2
You feel sick.
The killer bee attacks as it pursues you!
The killer bee stings you.
You are more poisoned.
The killer bee poisons you! The killer bee barely misses you.
The killer bee closely misses you.
You feel very sick. The killer bee closely misses you.
You feel very sick.
The killer bee attacks as it pursues you!
The killer bee stings you.
* * * LOW HITPOINT WARNING * * *
The killer bee stings you but does no damage.
The killer bee closely misses you.
* * * LOW HITPOINT WARNING * * *
You feel sick.
The killer bee attacks as it pursues you!
The killer bee closely misses you. The killer bee stings you.
You die...
Kikubaaqudgha rasps: "You have failed me!
Welcome... death!"

###.....###...#....# #
#..#...#..#..#...>.#
.###..y#.#...###......#
#...#.y.#...#...#.....#
.@...#.y#.@#.....#....#
.....y#####†.F........#
.....#..#..#..yy.#....#
#...#...#...#y.y#.....#
.###...#.#...###@.)#.##
# ..#...#..#..#....#
##.....###...#..##
#.....#..#.....#
#.....#...#....#
.#...#.#.......#
.#.#...#......#
.............##
..#......####


You could see Erica, Prince Ribbit and 4 killer bees.

Vanquished Creatures
  A steam dragon (D:7)
  An acid dragon (D:8)
  An orc warrior (D:6)
  A sky beast (D:7)
  2 ice beasts (D:7)
  2 black bears
  2 ogres
  A kobold brigand (D:7)
  A phantom (D:6)
  2 bullfrogs (D:7)
  A scorpion (D:4)
  A killer bee (D:8)
  3 hounds
  7 jellies
  2 sleepcaps (D:7)
  4 iguanas
  4 orc wizards
  Robin (D:3)
  13 adders
  A shadow imp (D:5)
  2 white imps (D:5)
  4 dart slugs
  27 orcs
  3 endoplasms
  4 giant cockroaches
  12 hobgoblins
  4 jackals (D:4)
  A quokka (D:1)
  11 ball pythons
  6 bats
  2 frilled lizards
  15 goblins
  11 kobolds
  7 rats
160 creatures vanquished.

Vanquished Creatures (collateral kills)
  An orc priest (D:4)
  A jelly (D:5)
  An orc (D:6)
  An endoplasm (D:1)
  2 goblins
  A hobgoblin (D:3)
  A ball python (D:1)
  2 frilled lizards
  A rat (D:1)
11 creatures vanquished.

Grand Total: 171 creatures vanquished

Notes
Turn   | Place    | Note
-------+----------+-------------------------------------------
     0 | D:1      | Queen the Demonspawn Necromancer began the quest for the
                  | Orb.
     0 | D:1      | Reached XP level 1. HP: 13/13 MP: 3/3
    58 | D:1      | Found a faded altar of an unknown god.
   210 | D:1      | Discovered your monstrous ancestry.
   210 | D:1      | Gained mutation: You have large cloven feet. [demonic
                  | ancestry]
   210 | D:1      | Reached XP level 2. HP: 19/19 MP: 1/5
   456 | D:1      | Reached XP level 3. HP: 24/24 MP: 3/6
   733 | D:2      | Reached skill level 5 in Necromancy
   771 | D:2      | Learned a level 1 spell: Sting
   775 | D:2      | Learned a level 3 spell: Vampiric Draining
  1176 | D:2      | Gained mutation: You have a pair of small horns on your
                  | head. [demonic ancestry]
  1176 | D:2      | Reached XP level 4. HP: 30/30 MP: 2/7
  1950 | D:3      | Reached skill level 1 in Poison Magic
  2151 | D:3      | Found a runed translucent door.
  2158 | D:3      | Noticed IsvaffelMax's ghost (amateur OpSh)
  2236 | D:3      | Reached XP level 5. HP: 35/35 MP: 4/9
  2622 | D:3      | Found a runed translucent door.
  2977 | D:4      | Noticed Robin
  3118 | D:4      | Noticed Grinder
  3141 | D:4      | Reached skill level 6 in Necromancy
  3410 | D:4      | Gained mutation: You have sharp fingernails. [demonic
                  | ancestry]
  3410 | D:4      | Reached XP level 6. HP: 37/41 MP: 0/10
  3741 | D:4      | Found a large runed translucent door.
  3741 | D:4      | Found a large runed translucent door.
  3745 | D:4      | Noticed Azuregosa's ghost (amateur OpDe)
  3849 | D:3      | Killed Robin
  4485 | D:5      | Entered Level 5 of the Dungeon
  4619 | D:5      | Learned a level 2 spell: Sublimation of Blood
  5006 | D:5      | Found a staircase to the Ecumenical Temple.
  5155 | Temple   | Entered the Ecumenical Temple
  5163 | Temple   | Became a worshipper of Kikubaaqudgha
  5247 | D:5      | Gained mutation: You have hoof-like feet. [demonic
                  | ancestry]
  5247 | D:5      | Reached XP level 7. HP: 46/46 MP: 7/12
  5462 | D:5      | Found an opulent altar of Gozag.
  5521 | D:5      | Reached skill level 7 in Necromancy
  5758 | D:6      | Found a transporter.
  5758 | D:6      | Noticed BinkBink's ghost (novice SpEE)
  6183 | D:6      | Found a transporter.
  6287 | D:6      | Found a shadowy altar of Dithmenos.
  6300 | D:6      | Found a radiant altar of Vehumet.
  6324 | D:6      | Reached XP level 8. HP: 52/52 MP: 2/14
  6330 | D:6      | Reached * piety under Kikubaaqudgha
  6330 | D:6      | Received a gift from Kikubaaqudgha
  6501 | D:6      | Reached skill level 8 in Necromancy
  7715 | D:7      | Noticed Pikel
  7950 | D:7      | Reached skill level 9 in Necromancy
  7955 | D:7      | Learned a level 4 spell: Animate Dead
  7958 | D:7      | Learned a level 2 spell: Cigotuvi's Dreadful Rot
  8209 | D:7      | Reached skill level 5 in Spellcasting
  8234 | D:7      | Reached skill level 5 in Dodging
  8316 | D:7      | Found a bloodstained altar of Trog.
  8509 | D:7      | Gained mutation: You have very sharp fingernails. [demonic
                  | ancestry]
  8509 | D:7      | Reached XP level 9. HP: 25/57 MP: 2/17
  9087 | D:8      | Noticed Prince Ribbit
  9093 | D:8      | Noticed Erica
  9099 | D:8      | Reached skill level 10 in Necromancy
  9104 | D:8      | Slain by a killer bee

Illustrated notes

Levels and vault maps discovered:
D:1:      wander_arrival_desolate, layout_basic,
          chequers_ecumenical_altar_simple_redux
D:2:      layout_loops_ring, kennysheep_nub, solitary_fountain
D:3:      layout_loops_corners, ebering_ghost_sewer_f
D:4:      layout_loops_corners, ebering_ghost_disaster_area, bh_walls_and_bars,
          uniq_grinder, uniq_robin
D:5:      layout_basic, nicolae_gozag_cash_rules_everything_around_me,
          minmay_temple_entry_large_hall
D:6:      layout_basic, mainiacjoe_overflow_big_doors, gammafunk_ghost_arena,
          hangedman_decor_clover_reticule
D:7:      layout_basic, marbit_many_paths, corexii_leaking_fountain,
          nicolae_letterblocks [nicolae_letter_subblock,
          nicolae_letter_subblock, nicolae_letter_subblock,
          nicolae_letter_subblock, nicolae_letter_subblock,
          nicolae_letter_subblock, nicolae_letter_subblock,
          nicolae_letter_subblock, nicolae_letter_subblock,
          nicolae_letter_subblock, nicolae_letter_subblock,
          nicolae_letter_subblock, nicolae_letter_subblock,
          nicolae_letter_subblock, nicolae_letter_subblock,
          nicolae_letter_subblock, nicolae_letter_subblock,
          nicolae_letter_subblock, nicolae_letter_subblock,
          nicolae_letter_subblock, nicolae_letter_subblock,
          nicolae_letter_subblock, nicolae_letter_subblock,
          nicolae_letter_subblock, nicolae_letter_subblock], uniq_pikel
D:8:      layout_gridville, old_standard_altar, minmay_splitting_lines,
          uniq_erica, uniq_prince_ribbit1
Temple:   nicolae_temple_two_arcs

Skill      XL: |  1  2  3  4  5  6  7  8  9 |
---------------+----------------------------+-----
Stealth        | 2 3 |  3.0
Dodging        | 2 3 4 5 |  5.4
Necromancy     | 5 6 7 9 10 | 10.0
Poison Magic   | 1 2 3 |  3.0
Spellcasting   | 3 4 5 |  5.5

Action                     |  1- 3 |  4- 6 |  7- 9 || total
---------------------------+-------+-------+-------++-------
  Melee: Unarmed           |     7 |       |       ||     7
         Dagger            |    18 |    11 |    32 ||    61
         Kick              |     5 |     5 |     8 ||    18
         Whip              |       |     4 |       ||     4
         Headbutt          |       |     2 |     2 ||     4
   Cast: Necrotise         |    52 |   126 |   101 ||   279
         Sting             |     1 |    27 |     6 ||    34
         Vampiric Draining |       |     6 |    53 ||    59
         Sublimation of Bl |       |       |     9 ||     9
         Cigotuvi's Dreadf |       |       |     4 ||     4
    Use: Scroll            |       |     3 |     1 ||     4
   Stab: Sleeping          |       |       |     1 ||     1
 Armour: Robe              |    17 |    35 |    50 ||   102
  Dodge: Dodged            |    21 |    36 |    61 ||   118

Table legend: (Time is in decaauts)
 A = Elapsed time spent in this place.
 B = Non-inter-level travel time spent in this place.
 C = Inter-level travel time spent in this place.
 D = Time resting spent in this place.
 E = Time spent auto-exploring this place.
 F = Levels seen in this place.
 G = Mean time per level.
                   A        B        C        D        E       F      G
               +--------+--------+--------+--------+--------+-----+--------+
         Total |   9103 |   8525 |    578 |   2612 |   4465 |   9 | 1011.4 |
       Dungeon |   9071 |   8500 |    571 |   2612 |   4465 |   8 | 1133.9 |
        Temple |     31 |     24 |      7 |      0 |      0 |   1 |   31.0 |
               +--------+--------+--------+--------+--------+-----+--------+

Top non-repeatable levels by time:
     D:7: 1684 daAuts
     D:4: 1605 daAuts
     D:6: 1472 daAuts
     D:3: 1458 daAuts
     D:2: 1034 daAuts
     D:5: 842 daAuts
     D:1: 701 daAuts
     D:8: 272 daAuts
  Temple: 31 daAuts
